 Dungeon Crawl Stone Soup version 0.17-a0-670-g5d95ebd (console) character file.

126 Fusha the Skirmisher (level 5, -2/45 HPs)
             Began as a Hill Orc Air Elementalist on Apr 18, 2015.
             Slain by a scorpion (4 damage)
             ... in an ossuary.
             The game lasted 00:17:06 (3343 turns).

Fusha the Skirmisher (Hill Orc Air Elementalist)    Turns: 3343, Time: 00:17:06

Health: -2/45      AC:  5    Str: 11    XL:     5   Next: 10%
Magic:  1/8        EV: 12    Int: 16    God:
Gold:   111        SH:  0    Dex: 11    Spells: 3 memorised, 3 levels left

rFire  . . .     SeeInvis .     i - +1 whip (drain)
rCold  . . .     Clarity  .     a - +0 robe
rNeg   . . .     SustAb   .     (no shield)
rPois  .         Gourm    .     d - +2 helmet
rElec  .         Spirit   .     (no cloak)
rCorr  .         Warding  .     (no gloves)
rMut   .         Stasis   .     (no boots)
MR     .....                    (no amulet)
Stlth  ++........               (no ring)
                                (no ring)

@: lethally poisoned (-2 -> -49), very slightly contaminated, repel missiles,
not resistant to hostile enchantments, unstealthy
A: no striking features
a: no special abilities


You were in an ossuary.
You were hungry.

You visited 1 branch of the dungeon, and saw 4 of its levels.
You also visited: Ossuary.

You collected 111 gold pieces.

Inventory:

Hand weapons
 i - a +1 whip of draining (weapon)
Armour
 a - a +0 robe (worn)
 d - a +2 helmet (worn)
Scrolls
 e - a scroll of teleportation
 f - 3 scrolls of identify {unknown}
 g - a scroll of magic mapping
 h - 2 scrolls of remove curse {unknown}
 j - a scroll of fear {unknown}
 k - a scroll of amnesia {unknown}
 m - a scroll of immolation {unknown}
 n - a scroll of noise {unknown}
Books
 b - a book of Air

   Spells                             Type                      Level
   a - Shock                          Conjuration/Air              1
   b - Swiftness                      Charms/Air                   2
   c - Repel Missiles                 Charms/Air                   2
   d - Flight                         Charms/Air                   3
   e - Static Discharge               Conjuration/Air              3
   f - Lightning Bolt                 Conjuration/Air              5
Miscellaneous
 o - a plain deck of destruction {drawn: 2}
Comestibles
 c - 3 bread rations
 q - a beef jerky


   Skills:
 * Level 3.4 Fighting
 - Level 1.5 Dodging
 - Level 1.5 Stealth
 + Level 2.0 Spellcasting
 * Level 3.1 Conjurations
 - Level 2.4 Air Magic


You had 3 spell levels left.
You knew the following spells:

 Your Spells              Type           Power        Failure   Level  Hunger
a - Shock                 Conj/Air       ##..         10%         1    #......
e - Repel Missiles        Chrm/Air       #.....       21%         2    ###....
s - Swiftness             Chrm/Air       #.......     21%         2    ###....


Dungeon Overview and Level Annotations

Branches:
Dungeon (4/15)
 Temple: D:4-7

Altars:

Annotations:
D:3 Mygna's ghost, average DrAK; Sigmund


Message History

Casting: Shock
Confirm with . or Enter, or press ? or * to list all spells.
Aiming: Shock
Press: ? - help, Shift-Dir - straight line You miscast Shock.
Your skin tingles.
You feel sick. The scorpion stings you!
* * * LOW HITPOINT WARNING * * *
You are more poisoned.
The scorpion poisons you!
Drink which item? (? for menu, Esc to quit)
It was a potion of restore abilities.
You feel refreshed.
* * * LOW HITPOINT WARNING * * *
You feel very sick. The scorpion closely misses you.
Drink which item? (? for menu, Esc to quit)
It was a potion of poison.
That liquid tasted very nasty...
You are more poisoned.
* * * LOW HITPOINT WARNING * * *
You feel very sick. The scorpion stings you.
You die...

.......#
##############8...8##
#...#...#...#.......#
#.∩.'...8...#...8...#
#...#.......#...#Z.s#
##'###8...8###'######
#...#.......#..^#!?!#.
#.∩.#...8...s.^^#...'..
#...#...#..@#..^#??.#.
#####################


You could see a scorpion.

Vanquished Creatures
  A scorpion (Ossuary)
  A big kobold zombie (Ossuary)
  An adder (D:2)
  A scorpion zombie (Ossuary)
  An ooze (D:3)
  2 worms (D:2)
  5 bats
  2 giant cockroaches
  3 hobgoblins
  A ball python (D:2)
  4 giant newts
  8 goblins
  6 kobolds
  An orc zombie (Ossuary)
  A quokka (D:2)
  8 rats
46 creatures vanquished.

Vanquished Creatures (others)
  A goblin zombie (Ossuary)
1 creature vanquished.

Grand Total: 47 creatures vanquished

Notes
Turn   | Place    | Note
--------------------------------------------------------------
     0 | D:1      | Fusha, the Hill Orc Air Elementalist, began the quest for the Orb.
     0 | D:1      | Reached XP level 1. HP: 14/14 MP: 3/3
   248 | D:1      | Reached skill level 1 in Fighting
   294 | D:1      | Reached XP level 2. HP: 23/23 MP: 2/4
  1051 | D:2      | Reached XP level 3. HP: 15/29 MP: 0/5
  1981 | D:3      | Learned a level 2 spell: Swiftness
  1984 | D:3      | Learned a level 2 spell: Repel Missiles
  1996 | D:3      | Noticed Mygna's ghost (average DrAK)
  2291 | D:3      | Noticed Sigmund
  2522 | D:3      | Noticed a centaur
  2746 | D:4      | Reached XP level 4. HP: 33/37 MP: 6/6
  2829 | D:4      | Noticed a phantom
  2832 | D:4      | Noticed an ogre
  2841 | D:4      | Found a sand-covered staircase.
  2845 | Ossuary  | Entered an ossuary
  2958 | Ossuary  | Reached skill level 3 in Fighting
  3091 | Ossuary  | Reached XP level 5. HP: 22/45 MP: 4/8
  3343 | Ossuary  | HP: 2/45 [poison (a potion of poison)]
  3343 | Ossuary  | Slain by a scorpion

Action                   |  1- 3 |  4- 6 || total
-------------------------+-------+-------++-------
Melee: Unarmed           |    38 |       ||    38
       Whip              |    47 |    21 ||    68
 Cast: Shock             |    35 |    19 ||    54
       Repel Missiles    |     1 |       ||     1
Evoke: Deck              |       |     2 ||     2
  Use: Scroll            |     6 |       ||     6
       Potion            |     2 |     2 ||     4
 Stab: Sleeping          |     3 |     1 ||     4
  Eat: Pizza             |     1 |       ||     1
       Meat ration       |     1 |       ||     1
       Royal jelly       |     1 |       ||     1
